cohdb
Replays
Latest Replays
All Replays
Popular Replays
Top Player Replays
Match Explorer
How It Works
Community
CoH3 Stats
Reddit
Sign in to upload your games and track your stats! →
Sign in with Steam
Match 40593206
Unlisted
Match 40593206
Overview
Messages
Build Orders
End
Construct Infanterie Kompanie
Selects Mechanized Battlegroup
MG 42 Machine Gun Team
MG 42 Machine Gun Team
GrW 34 Mortar Team
Grenadier Squad
Construct Luftwaffe Kompanie
Jäger Squad
Support Elements
Wirbelwind Flakpanzer
Medical Bunker
Jäger Squad
Side Skirts
Selects Raid Package
Selects StuG Assault Group
StuG Assault Group
Construct Panzergrenadier Kompanie
Selects Mobile Repair Stations
Selects Stoßtruppen Assault Package
251 Medium Carrier
Selects UNKNOWN (2160084)
Construct Panzer Kompanie
Selects Zeroing Artillery Barrage
Zeroing Artillery Barrage
Scat
Jd577
see you again
松坂砂糖
shadowbird
TheBananaEffect
guludu
Funk
0
0
Comments
sign in to comment!
No comments posted yet!